 Dungeon Crawl Stone Soup version 0.22-a0-252-gcace5d2 (webtiles) character file.

37 Amnesiac the Ducker (level 3, 0/19 HPs)
             Began as a Spriggan Fighter on Mar 1, 2018.
             Was an Initiate of Okawaru.
             Slain by a worm (9 damage)
             ... on level 2 of the Dungeon.
             The game lasted 00:01:12 (1067 turns).

Amnesiac the Ducker (Spriggan Fighter)              Turns: 1067, Time: 00:01:13

Health: 0/19       AC:  2    Str: 13    XL:     3   Next: 23%
Magic:  4/4        EV: 20    Int:  9    God:    Okawaru [......]
Gold:   38         SH:  6    Dex: 15    Spells: 2/2 levels left

rFire    . . .     SeeInvis +   a - +0 long sword
rCold    . . .     Gourm    .   c - +0 buckler
rNeg     . . .     Faith    .   b - +0 robe
rPois    .         Spirit   .   (helmet restricted)
rElec    .         Reflect  .   (no cloak)
rCorr    .         Harm     .   (gloves unavailable)
MR       .....                  (boots unavailable)
Stlth    +.........             (no amulet)
HPRegen  0.06/turn              (no ring)
MPRegen  0.09/turn              (no ring)

@: very quick
A: very small, unfitting armour, see invisible, herbivore, speed 3, slow
metabolism 2
a: Renounce Religion


You were on level 2 of the Dungeon.
You worshipped Okawaru.
Okawaru was noncommittal.
You were not hungry.

You visited 1 branch of the dungeon, and saw 2 of its levels.

You collected 38 gold pieces.

Inventory:

Hand Weapons
 a - a +0 long sword (weapon)
Missiles
 e - 48 stones (quivered)
Armour
 b - a +0 robe (worn)
 c - a +0 buckler (worn)
Scrolls
 h - 2 scrolls of enchant weapon {!r, unknown}
 i - a scroll of teleportation {!r, unknown}
 j - a scroll of remove curse {!r, unknown}
Potions
 d - a potion of might {!q}
 g - a potion of experience {!q, unknown}
 k - a potion of mutation {!q, unknown}
Comestibles
 f - 3 rations


   Skills:
 + Level 2.7 Fighting
 - Level 2.0 Long Blades
 * Level 5.5 Dodging
 - Level 2.1 Shields


You had 2 spell levels left.
You didn't know any spells.

Dungeon Overview and Level Annotations

Branches:
Dungeon (2/15)

Altars:
Okawaru


Innate Abilities, Weirdness & Mutations

You are very small and have problems with some larger weapons.
You are too small for most types of armour.
You have supernaturally acute eyesight. (SInv)
You are a herbivore.
You cover ground extremely quickly.
You need consume almost no food.


Message History

Items here: ) [[ †† a hand axe; a chain mail; a ring mail; an orc corpse x2
You start resting.
HP restored.
Done exploring.
Done exploring.
Done exploring.
There is a stone staircase leading down, spattered with blood here.
You start resting.
HP restored.
You climb downwards.
A worm comes into view.
The orc completely misses you. You block the orc's attack.
There is a stone staircase leading up, spattered with blood here.
You hit the orc but do no damage. The orc hits you.
You block the orc's attack. x2
You hit the orc but do no damage. The orc completely misses you.
You riposte.
You hit the orc.
The orc is severely wounded.
The orc barely misses you. The orc hits you with a trident. The orc hits you.
* * * LOW HITPOINT WARNING * * *
You climb upwards.
There is a stone staircase leading down, spattered with blood here.
You completely miss the orc.
The orc is severely wounded.
You block the orc's attack. The orc hits you.
* * * LOW HITPOINT WARNING * * *
Unknown command.
You barely miss the orc.
The orc is severely wounded.
The orc completely misses you. x2; You riposte.
You hit the orc.
You kill the orc!
Okawaru accepts your kill.
Unknown command.
You barely miss the orc.
The orc is severely wounded.
The orc misses you.
You riposte.
You hit the orc.
You kill the orc!
Okawaru accepts your kill.
Unknown command.
Things that are here:
a trident; a scale mail
There is a stone staircase leading down, spattered with blood here.
You start resting.
HP restored.
You start resting.
HP restored.
You climb downwards.
You block the worm's attack.
There is a stone staircase leading up, spattered with blood here.
You hit the worm but do no damage. The worm closely misses you.
You riposte.
You hit the worm but do no damage. You slash the worm!
The worm is moderately wounded.
The worm misses you.
You riposte.
You barely miss the worm.
The worm is moderately wounded.
You hit the worm.
The worm is heavily wounded.
You slash the worm!
The worm is almost dead.
The worm bites you!
Ouch! That really hurt!
* * * LOW HITPOINT WARNING * * *
The worm bites you!
You die...

#####
#.w@#
#...#
..>...#
#.##...#
# #...#
#...#
#...#
.####


You could see a worm.

Vanquished Creatures
  A dart slug (D:1)
  A leopard gecko (D:1)
  4 orcs (D:1)
  2 giant cockroaches (D:1)
  6 goblins (D:1)
  3 jackals (D:1)
  4 kobolds (D:1)
  4 bats (D:1)
  A frilled lizard (D:1)
  2 rats (D:1)
28 creatures vanquished.

Notes
Turn   | Place    | Note
-------+----------+-------------------------------------------
     0 | D:1      | Amnesiac the Spriggan Fighter began the quest for the Orb.
     0 | D:1      | Reached XP level 1. HP: 11/11 MP: 2/2
    31 | D:1      | Reached XP level 2. HP: 12/16 MP: 3/3
    42 | D:1      | Found an iron altar of Okawaru.
    50 | D:1      | Became a worshipper of Warmaster Okawaru
   229 | D:1      | Reached skill level 5 in Dodging
   424 | D:1      | Reached XP level 3. HP: 13/19 MP: 4/4
  1067 | D:2      | Slain by a worm

Vault maps used:
D:1:      dpeg_arrival_simpleton_c, grunt_decor_arrowhead,
          okawaru_ov_weapons_minmay

Skill      XL: |  1  2 |
---------------+-------+-----
Long Blades    | 2 |  2.0
Dodging        | 5 |  5.5
Fighting       | |  2.7
Shields        | |  2.1

Action                   || total
-------------------------++-------
Melee: Long sword        ||    68
Armor: Robe              ||     3
Dodge: Dodged            ||    76
Block: Buckler           ||    32
       Rpst.: Long sword ||    32

Table legend:
 A = Spawn XP
 B = Non-spawn XP
 C = Spawn XP percentage of total XP
 D = Spawn monster count
 E = Non-spawn monster count
 F = Spawn count percentage of total count
 G = Total turns spent on level
                    A         B        C        D         E        F      G
               +---------+---------+-------+---------+---------+-------+---------
         Total |       0 |      54 |   0.0 |       0 |      28 |   0.0 |  1067
               +---------+---------+-------+---------+---------+-------+---------
           D:1 |       0 |      54 |   0.0 |       0 |      28 |   0.0 |  1055
               +---------+---------+-------+---------+---------+-------+---------
